 Dungeon Crawl Stone Soup version 0.28.0-53-g5a82cb258f (webtiles) character file.

Game seed: 16612046340024687531

28 cbfl8 the Chopper (level 2, 0/27 HPs)
             Began as a Minotaur Berserker on July 26, 2022.
             Was a Follower of Trog.
             Slain by a worm (6 damage)
             ... on level 2 of the Dungeon.
             The game lasted 00:00:40 (1317 turns).

cbfl8 the Chopper (Minotaur Berserker)              Turns: 1317, Time: 00:00:41

Health: 0/27       AC:  8    Str: 21    XL:     2   Next: 96%
Magic:  1/1        EV:  8    Int:  4    God:    Trog [*.....]
Gold:   55         SH:  0    Dex:  9    Spells: 1/1 levels left

rFire   . . .      SeeInvis .   a - +0 hand axe
rCold   . . .      Faith    .   (no shield)
rNeg    . . .      Spirit   .   h - +0 chain mail
rPois   .          Reflect  .   (helmet restricted)
rElec   .          Harm     .   (no cloak)
rCorr   .          Rampage  .   (no gloves)
Will    .....                   (no boots)
Stlth   ..........              (no amulet)
HPRegen 0.09/turn               (no ring)
MPRegen 0.07/turn               (no ring)

@: no status effects
A: horns 2, retaliatory headbutt
a: Renounce Religion, Berserk


You were on level 2 of the Dungeon.
You worshipped Trog.
Trog was aware of your devotion.
You visited 1 branch of the dungeon, and saw 2 of its levels.

You collected 55 gold pieces.

Inventory:

Hand Weapons
 a - a +0 hand axe (weapon)
Armour
 b - a +0 animal skin
 h - a +0 chain mail (worn)
Scrolls
 c - a scroll of torment {unknown}
 d - a scroll of enchant weapon {unknown}
 e - a scroll of identify {unknown}
 g - a scroll of holy word {unknown}
 i - a scroll of immolation {unknown}
Potions
 f - a potion of brilliance {unknown}


   Skills:
 + Level 4.1 Fighting
 + Level 4.2 Axes
 + Level 2.5 Armour
 * Level 2.5 Dodging
 * Level 0.5 Stealth


You had one spell level left.
You didn't know any spells.
Your spell library was empty.

Dungeon Overview and Level Annotations

Branches:
Dungeon (2/15)

Altars:


Innate Abilities, Weirdness & Mutations

You have a pair of horns on your head.
You reflexively headbutt those who attack you in melee.


Message History

No target in view!
Found a glowing scarf.
No target in view!
A worm comes into view.
A worm is nearby!
Found a stone staircase leading up.
A worm is nearby!
The worm bites you.
You hit the worm. You headbutt the worm.
The worm is lightly wounded.
The worm barely misses you.
You hit the worm.
The worm is heavily wounded.
You barely miss the worm.
The worm is heavily wounded.
The worm bites you but does no damage.
You hit the worm.
The worm is heavily wounded.
The worm bites you.
You completely miss the worm.
The worm is moderately wounded.
You slash the worm!
The worm is severely wounded.
The worm bites you!
You are too injured to fight recklessly!
You are too injured to fight recklessly!
You are too injured to fight recklessly!
You hit the worm. Your headbutt misses the worm.
The worm is almost dead.
The worm closely misses you.
You barely miss the worm. Your headbutt misses the worm.
The worm is severely wounded.
You hit the worm.
The worm is almost dead.
The worm bites you.
* * * LOW HITPOINT WARNING * * *
You barely miss the worm. Your headbutt misses the worm.
The worm is severely wounded.
The worm bites you.
You die...

### ## #.. ... #.#
..# ... #.##..# .
.. #.##..##
....#.####.##...###
.<....w@...........
..#.#.####.##...# #
###.....###
#.........#
#.####.##.#
#.###..##.# #
#.........# #
#.###.##..# #
#.###.##..# ##


You could see a worm.

Vanquished Creatures
  A worm (D:2)
  A dart slug (D:1)
  2 endoplasms (D:1)
  A giant cockroach (D:1)
  3 goblins
  3 jackals (D:1)
  4 kobolds (D:1)
  2 quokkas (D:1)
  A ball python (D:1)
  A rat (D:1)
19 creatures vanquished.

Notes
Turn   | Place    | Note
-------+----------+-------------------------------------------
     0 | D:1      | cbfl8 the Minotaur Berserker began the quest for the Orb.
     0 | D:1      | Reached XP level 1. HP: 19/19 MP: 0/0
   212 | D:1      | Reached XP level 2. HP: 17/27 MP: 1/1
  1169 | D:2      | Found a faded altar of an unknown god.
  1317 | D:2      | Slain by a worm

Illustrated notes

Levels and vault maps discovered:
D:1:      lightli_arrival_isolated_outpost, layout_basic, roderic_malta_cross
D:2:      layout_loops_corners, dreamdust_ecumenical_altar_hidden_monk_grotto,
          kennysheep_potato

Skill      XL: |  1  2 |
---------------+-------+-----
Axes           | 4 |  4.2
Fighting       | 4 |  4.1
Armour         | |  2.5
Dodging        | |  2.5
Stealth        | |  0.5

Action                   || total
-------------------------++-------
Melee: Hand axe          ||    61
       Headbutt          ||     8
 Stab: Sleeping          ||     1
Armor: Animal skin       ||     6
       Chain mail        ||     6
Dodge: Dodged            ||    24
